 Dungeon Crawl Stone Soup version 0.30-a0-474-g5673dd7ce6 (webtiles) character file.

Game seed: 6178545036853381532

1400 Ijustatesigmund the Covert (level 9, -5/54 HPs)
             Began as a Kobold Brigand on Dec 20, 2022.
             Was a Follower of Uskayaw.
             Splashed by a jelly's acid (10 damage)
             ... on level 6 of the Dungeon.
             The game lasted 00:11:19 (6162 turns).

Ijustatesigmund the Covert (Kobold Brigand)         Turns: 6162, Time: 00:11:19

Health: -5/54      AC:  5    Str: 12    XL:     9   Next: 1%
Magic:  11/11      EV: 17    Int: 19    God:    Uskayaw [*.....]
Gold:   344        SH:  0    Dex: 17    Spells: 8/8 levels left

rFire   . . .      SeeInvis .    r - +4 sling "Fucvu" {drain, *Slow Int+7}
rCold   . . .      Faith    .    (no shield)
rNeg    . . .      Spirit   .    b - +0 robe
rPois   .          Reflect  .    (no helmet)
rElec   .          Harm     .    c - +0 cloak
rCorr   .          Rampage  .    (no gloves)
Will    .....                    w - +1 pair of boots
Stlth   +++++.....               (no amulet)
HPRegen 0.29/turn                j - +4 ring of slaying
MPRegen 0.12/turn                v - ring of wizardry

@: hasted, very quick
A: small, no large weapons, nightstalker 3
a: Renounce Religion, Stomp


You were on level 6 of the Dungeon.
You worshipped Uskayaw.
Uskayaw was noncommittal.
You visited 2 branches of the dungeon, and saw 7 of its levels.
You also visited: Ossuary.

You collected 372 gold pieces.
You spent 28 gold pieces at shops.

Inventory:

Hand Weapons
 a - a +3 dagger
 r - the +4 sling "Fucvu" (weapon) {drain, *Slow Int+7}
   (You found it on level 2 of the Dungeon)

   A truly terrible weapon, it drains the life of any living foe it strikes.
   Int:       It affects your intelligence (+7).
   *Slow:     It may slow you when you take damage.
Missiles
 d - 9 poisoned darts
 e - 8 curare-tipped darts
Armour
 b - a +0 robe (worn)
 c - a +0 cloak (worn)
 w - a +1 pair of boots (worn)
Jewellery
 j - a +4 ring of slaying (left hand)
 q - an amulet of the acrobat
 v - a ring of wizardry (right hand)
Wands
 x - a wand of flame (13)
Scrolls
 g - 5 scrolls of identify
 i - a scroll of enchant armour
 k - a scroll of silence
 l - 2 scrolls of teleportation
 p - a scroll of poison
 s - 2 scrolls of magic mapping
Potions
 h - a potion of resistance
 m - 3 potions of flight
 n - 2 potions of attraction
 o - 5 potions of brilliance
 u - 5 potions of curing
 z - a potion of might


   Skills:
 + Level 5.5 Fighting
 + Level 6.6 Short Blades
 - Level 3.4 Ranged Weapons
 - Level 2.6 Throwing
 + Level 5.5 Dodging
 + Level 8.5 Stealth
 + Level 3.3 Invocations


You had 8 spell levels left.
You didn't know any spells.
Your spell library was empty.

Dungeon Overview and Level Annotations

Branches:
Dungeon (6/15)             Temple (1/1) D:5         Ossuary (visited)

Altars:
Ashenzari
Cheibriados
Elyvilon
Gozag
Kikubaaqudgha
Makhleb
Nemelex Xobeh
Okawaru
Qazlal
Sif Muna
Trog
Uskayaw
Vehumet
Wu Jian
Yredelemnul
The Shining One

Shops:
D:3 *   D:4 :


Innate Abilities, Weirdness & Mutations

You are small and have problems with some larger weapons.
You are completely attuned to the shadows.


Message History

Your experience leads to an increase in your attributes!
Your base attributes are Str 10, Int 12, Dex 17.
Increase (S)trength, (I)ntelligence, or (D)exterity?
You feel stronger. x2
Fire: r) +4 sling "Fucvu" {drain, *Slow Int+7}
Press: ? - help, Q - select action, (/) - cycle Shift-Dir - straight line, f/p - wight
Aim: a wight, wielding a +1 falchion and wearing a +0 robe (almost destroyed, 69% to hit)
You shoot a sling bullet.
The sling bullet hits the wight but does no damage.
The wight is almost destroyed.
Fire: r) +4 sling "Fucvu" {drain, *Slow Int+7}
Press: ? - help, Q - select action, (/) - cycle Shift-Dir - straight line, f/p - wight
Aim: a wight, wielding a +1 falchion and wearing a +0 robe (almost destroyed, 69% to hit)
You shoot a sling bullet.
The sling bullet hits the wight but does no damage.
The wight is almost destroyed.
The wight hits you with a +1 falchion.
* * * LOW HITPOINT WARNING * * *
Fire: r) +4 sling "Fucvu" {drain, *Slow Int+7}
Press: ? - help, Q - select action, (/) - cycle Shift-Dir - straight line, f/p - wight
Aim: a wight, wielding a +1 falchion and wearing a +0 robe (almost destroyed, 69% to hit)
You shoot a sling bullet.
The sling bullet completely misses the wight.
The wight hits you with a +1 falchion!
* * * LOW HITPOINT WARNING * * *
You can no longer pass through a line of other dancers.
Fire: r) +4 sling "Fucvu" {drain, *Slow Int+7}
Press: ? - help, Q - select action, (/) - cycle Shift-Dir - straight line, f/p - wight
Aim: a wight, wielding a +1 falchion and wearing a +0 robe (almost destroyed, 69% to hit)
You shoot a sling bullet. The sling bullet hits the wight.
The wight is almost destroyed.
Fire: r) +4 sling "Fucvu" {drain, *Slow Int+7}
Press: ? - help, Q - select action, (/) - cycle Shift-Dir - straight line, f/p - wight
Aim: a wight, wielding a +1 falchion and wearing a +0 robe (almost destroyed, 69% to hit)
You shoot a sling bullet.
The sling bullet closely misses the wight.
The jelly hits you.
* * * LOW HITPOINT WARNING * * *
You are splashed with acid!
You die...

.....##.#....................._#
......#.....#...#...#...#...#..#
.)......#.....)................#
............####################
##.......#..# ##.......>..###
##### .......#......# #... .###
....###......z#####.###.....
.#...##.#..##...@J...##......
.#.#...[...###.####..#.......
...#......>###.###...........
...#........##....).##.......
...#......#....########......
.................##...##.....
...........##..###?..8n#.....
...........##..##....JO......
.........#......#._...O......


You could see a jelly and a wight.

Vanquished Creatures
  A wraith (Ossuary)
  A water moccasin (D:5)
  2 sky beasts (D:6)
  A centaur (D:6)
  A necrophage (D:4)
  3 scorpions
  2 wights (D:6)
  A howler monkey (D:5)
  3 hounds
  An iguana (D:6)
  A mummy (Ossuary)
  8 adders
  7 gnolls (D:5)
  A shadow imp (D:4)
  2 white imps (D:6)
  An ufetubus (D:6)
  A worm (D:5)
  A dart slug (D:3)
  7 orcs
  4 endoplasms
  3 giant cockroaches
  33 goblins
  31 hobgoblins
  6 jackals
  4 quokkas
  9 ball pythons
  2 bats
  5 frilled lizards
  3 gnoll skeletons (Ossuary)
  8 kobolds
  8 kobold skeletons (Ossuary)
  14 orc skeletons (Ossuary)
  6 rats
181 creatures vanquished.

Notes
Turn   | Place    | Note
-------+----------+-------------------------------------------
     0 | D:1      | Ijustatesigmund the Kobold Brigand began the quest for the
                  | Orb.
     0 | D:1      | Reached XP level 1. HP: 12/12 MP: 1/1
   133 | D:1      | Reached XP level 2. HP: 18/18 MP: 2/2
   515 | D:1      | Reached XP level 3. HP: 18/22 MP: 3/3
   675 | D:1      | Found a faded altar of an unknown god.
  1357 | D:2      | Identified the +4 sling "Fucvu" {drain, *Slow Int+7}
  1978 | D:2      | Reached XP level 4. HP: 27/27 MP: 4/4
  2523 | D:3      | Reached skill level 1 in Ranged Weapons
  2909 | D:3      | Found Coihaj's General Store.
  2914 | D:3      | Bought a scroll of identify for 28 gold pieces
  3120 | D:4      | Reached skill level 6 in Stealth
  3120 | D:4      | Reached XP level 5. HP: 32/32 MP: 5/5
  3174 | D:4      | Reached XP level 6. HP: 37/37 MP: 6/6
  3402 | D:4      | Found Zotaj's Book Emporium.
  3599 | D:5      | Entered Level 5 of the Dungeon
  3650 | D:5      | Found a sand-covered staircase.
  3656 | Ossuary  | Entered an ossuary
  3706 | Ossuary  | Noticed a wraith
  3739 | Ossuary  | Killed a wraith
  3740 | Ossuary  | Reached skill level 5 in Short Blades
  3740 | Ossuary  | Reached skill level 7 in Stealth
  3740 | Ossuary  | Reached XP level 7. HP: 17/43 MP: 7/7
  3977 | Ossuary  | Noticed a wraith
  4004 | D:5      | Found a staircase to the Ecumenical Temple.
  4010 | Temple   | Entered the Ecumenical Temple
  4296 | Temple   | Became a worshipper of Uskayaw the Reveller
  4398 | D:5      | Reached * piety under Uskayaw
  4437 | D:5      | Reached ** piety under Uskayaw
  4602 | D:5      | Reached *** piety under Uskayaw
  4649 | D:5      | Reached skill level 1 in Invocations
  4898 | D:5      | Found a stormy altar of Qazlal.
  4970 | D:5      | Noticed a water moccasin
  4976 | D:5      | Killed a water moccasin
  4977 | D:5      | Reached XP level 8. HP: 46/48 MP: 7/9
  5606 | D:6      | Found a bloodstained altar of Trog.
  5753 | D:6      | Reached skill level 5 in Fighting
  5753 | D:6      | Reached skill level 8 in Stealth
  5759 | D:6      | Reached **** piety under Uskayaw
  5896 | D:6      | Reached skill level 5 in Dodging
  6049 | D:6      | Found a broken altar of Ashenzari.
  6147 | D:6      | Reached XP level 9. HP: 13/54 MP: 11/11
  6162 | D:6      | Splashed by a jelly's acid

Illustrated notes

Levels and vault maps discovered:
D:1:      ebering_hopf_link, layout_loops_corners,
          shapermc_ecumenical_altar_venn, chequers_garden
D:2:      layout_basic, wander_ebering_terrifying_dragon_lair
D:3:      layout_basic, serial_shops, shop
D:4:      layout_rooms, serial_shops, nicolae_shop_stone, grunt_decor_resistance
D:5:      minmay_goblin_kobold_castle, layout_cave_pools,
          mainiacjoe_overflow_alcove_1, minmay_temple_entry_slanted,
          chequers_ossuary_entry_cave
D:6:      layout_rooms, trog_antimagical, lemuel_coloured_pillars_altar
Temple:   nicolae_temple_bog_church

Skill      XL: |  1  2  3  4  5  6  7  8 |
---------------+-------------------------+-----
Short Blades   | 3 4 5 6 |  6.6
Dodging        | 2 3 4 5 |  5.5
Ranged Weapons | 1 2 3 |  3.4
Fighting       | 3 4 5 |  5.5
Stealth        | 6 7 8 |  8.5
Invocations    | 1 3 |  3.3
Throwing       | |  2.6

Action                   |  1- 3 |  4- 6 |  7- 9 || total
-------------------------+-------+-------+-------++-------
Melee: Dagger            |    71 |     6 |    65 ||   142
       Punch             |       |     1 |     1 ||     2
 Fire: Sling             |    11 |   111 |   161 ||   283
Invok: Stomp             |       |       |     1 ||     1
       Line Pass         |       |       |     1 ||     1
  Use: Scroll            |       |    16 |     4 ||    20
       Potion            |       |       |     2 ||     2
 Stab: Sleeping          |    15 |       |     3 ||    18
       Paralysed         |       |       |     2 ||     2
Armor: Robe              |     9 |    15 |    30 ||    54
Dodge: Dodged            |    41 |    56 |   134 ||   231

Table legend: (Time is in decaauts)
 A = Elapsed time spent in this place.
 B = Non-inter-level travel time spent in this place.
 C = Inter-level travel time spent in this place.
 D = Time resting spent in this place.
 E = Time spent auto-exploring this place.
 F = Levels seen in this place.
 G = Mean time per level.
                   A        B        C        D        E       F      G
               +--------+--------+--------+--------+--------+-----+--------+
         Total |   6235 |   5903 |    332 |    479 |   4587 |   8 |  779.4 |
       Dungeon |   5561 |   5267 |    294 |    385 |   4163 |   6 |  926.8 |
        Temple |    322 |    284 |     38 |      0 |    271 |   1 |  322.0 |
       Ossuary |    350 |    350 |      0 |     94 |    153 |   1 |  350.0 |
               +--------+--------+--------+--------+--------+-----+--------+

Top non-repeatable levels by time:
     D:5: 1371 daAuts
     D:2: 1159 daAuts
     D:1: 1085 daAuts
     D:3: 870 daAuts
     D:6: 575 daAuts
     D:4: 500 daAuts
 Ossuary: 350 daAuts
  Temple: 322 daAuts
